[Event "FIDE World School-ch O-13 2025"]
[Site "Vrnjacka Banja"]
[Date "2025.03.21"]
[Round "2.1"]
[White "Vuckovic, Uros"]
[Black "Yurasov, Matfey"]
[Result "0-1"]
[Annotator "TA"]
[ECO "E62"]
[WhiteElo "1850"]
[BlackElo "2271"]
[PlyCount "64"]
[EventDate "2025.03.19"]
[EventType "swiss"]
[EventCountry "SRB"]
[SourceTitle "playchess.com"]
[Source "ChessBase"]
[SourceQuality "1"]
[TimeControl "5400+30"]

1. Nf3 Nf6 2. c4 g6 3. g3 Bg7 4. Bg2 d6 5. d4 O-O 6. Nc3 Bf5 7. Nh4 Bc8 8. Nf3 c6 {[%emt 0:00:05][%cal Bc7c6,Bc6c5][%mdl 32] 8...c6 is the modern continuation.} 9. e4 Qb6 {[%emt 0:07:03] E62: King's Indian: Fianchetto: 6...c6 and Panno Variation (6...Nc6) without ...a6.} 10. Rb1 c5 $146 (10... Qa6 11. b3 b5 12. Qe2 b4 13. e5 bxc3 14. exf6 Bxf6 15. Bh6 Re8 16. O-O Bf5 17. Rbc1 c2 18. Rxc2 Bxc2 19. Qxc2 {0-1 Khropova,L (2041)-Obolentseva,A (1897) Moscow op (Women) 2012 (9)}) 11. d5 e6 {[%emt 0:00:45][%cal Of6d5] White is slightly better.} 12. O-O exd5 13. cxd5 Bg4 14. h3 Bxf3 15. Bxf3 Nfd7 {[%emt 0:02:45] [#]} 16. Be3 a6 17. a4 Re8 18. Qc2 Bd4 19. Bxd4 (19. Bf4 $14) 19... cxd4 $15 {[%emt 0:00:06][%csl Od4] Black has a strong passed pawn} 20. Na2 Ne5 21. Be2 Nbd7 22. Rfc1 (22. Kh2 $17) 22... Rac8 23. Qxc8 {[%emt 0:01:32][%mdl 8192] White does not recover from this.} (23. Qd1 $17 {was the crucial defense.}) 23... Rxc8 $19 24. Rxc8+ Kg7 25. Bd1 (25. Kg2 $142) 25... Nc5 26. f3 d3 (26... f5 $2 27. exf5 gxf5 28. b4 $19) 27. Kg2 Nc4 {[%emt 0:00:27] [#]} 28. b4 Ne3+ {[%emt 0:00:12] Excellent horsemanship.} 29. Kh1 Nd7 30. a5 Qd4 {[%emt 0:00:06] White must now prevent ...Ne5.} 31. Nc3 Ne5 {[%emt 0:00:14] ( -> ...Nxd1)} 32. b5 Nxd1 {[%emt 0:00:28] Weighted Error Value: White=1.25/Black=0.25 (precise)   Loses game:     	White=1     	---        Mistake:       	White=3     	---        Inaccurate:     	White=2     	---        OK:         	White=5     	Black=6      Best:        	---       	Black=1} 0-1

[Event "FIDE World School-ch O-13 2025"]
[Site "Vrnjacka Banja"]
[Date "2025.03.21"]
[Round "2.1"]
[White "Smirnova, Viktoria A"]
[Black "Amanzhol, Khanzada"]
[Result "*"]
[Annotator "NA RC"]
[ECO "E62"]
[WhiteElo "1671"]
[BlackElo "1908"]
[PlyCount "42"]
[EventDate "2025.03.19"]
[EventType "swiss"]
[EventCountry "SRB"]
[SourceTitle "playchess.com"]
[Source "ChessBase"]
[SourceQuality "1"]
[TimeControl "5400+30"]

1. Nf3 Nf6 2. c4 g6 3. g3 Bg7 4. Bg2 d6 5. d4 O-O 6. Nc3 Bf5 7. Nh4 Bc8 8. Nf3 c6 9. e4 Qb6 10. Rb1 c5 11. d5 e6 12. O-O exd5 13. cxd5 Bg4 14. h3 Bxf3 15. Bxf3 Nfd7 16. Be3 a6 17. a4 Re8 18. Qc2 Bd4 19. Bxd4 cxd4 20. Na2 Ne5 21. Be2 Nbd7 *

[Event "FIDE World School-ch O-13 2025"]
[Site "Vrnjacka Banja"]
[Date "2025.03.21"]
[Round "2.2"]
[White "Wijerathna, Vinuka Dihain"]
[Black "Jayasooriya, Ruvin Sandharu"]
[Result "1-0"]
[Annotator "TA"]
[ECO "B23"]
[WhiteElo "2117"]
[BlackElo "1830"]
[PlyCount "71"]
[EventDate "2025.03.19"]
[EventType "swiss"]
[EventCountry "SRB"]
[SourceTitle "playchess.com"]
[Source "ChessBase"]
[SourceQuality "1"]
[TimeControl "5400+30"]

1. e4 c5 2. Nc3 Nc6 3. Bb5 Nd4 4. Nf3 a6 5. Bd3 g6 6. Rb1 {[%emt 0:01:41] B23: Closed Sicilian: Lines without g3.} Bg7 7. b4 cxb4 8. Rxb4 {[%emt 0:01:26] The position is equal.} Nxf3+ $146 (8... Nc6 9. Rb1 Nf6 10. Bb2 O-O 11. Nd5 e6 12. Nxf6+ Bxf6 13. Bxf6 Qxf6 14. Rb6 d5 {½-½ Firouzja,A (2669)-Cornette,M (2556) Reykjavik op 2019 (3)}) 9. Qxf3 e6 10. Bb2 d6 11. Qg3 Ne7 12. Ne2 e5 13. c4 O-O 14. O-O f5 (14... Nc6 $142 15. Rb3 Rb8) 15. f3 a5 16. Rb3 a4 17. Rb5 Bd7 18. Rb4 Nc6 19. Rb5 Nb8 (19... Na5 $11 {is more appropriate.} 20. Rb4 Qc7) 20. exf5 $14 Bxb5 21. cxb5 gxf5 22. Nf4 Qf6 (22... Qe8 $14) 23. Nd5 $16 {[%emt 0:02:13] White has more active pieces. The black rooks are passive.} Qd8 (23... Qf7 $16 24. Nb6 Kh8) 24. Qh3 $18 Qg5 (24... a3 $142) 25. Bxf5 {[%emt 0:01:21] Black is weak on the light squares} h5 (25... Rxf5 26. Qxf5 Qxf5 27. Ne7+ Kf7 28. Nxf5 a3) 26. Be4 {[%emt 0:04:43] [#] And now Qe6+ would win. This pair of bishops is nice.} Ra5 (26... Nc6 $142 27. bxc6 bxc6) 27. Qe6+ Kh8 28. Ne7 Bf6 29. Ng6+ Kg7 30. Nxf8 {[%emt 0:00:11] White mates.} Kxf8 31. Qxd6+ Be7 32. Qxb8+ Kf7 33. Bd5+ Kf6 34. f4 Bc5+ {[%emt 0:00:19] [#]} 35. d4 $1 Bxd4+ 36. Bxd4 {[%emt 0:00:05] Weighted Error Value: White=0.25 (precise) /Black=0.53  Mistake:       	---       	Black=7      Inaccurate:     	White=2     	---        OK:         	White=6     	Black=8      Best:        	White=1     	---} 1-0

[Event "FIDE World School-ch O-13 2025"]
[Site "Vrnjacka Banja"]
[Date "2025.03.21"]
[Round "2.2"]
[White "Xu, Luna Yuexiu"]
[Black "Lipartia, Nino"]
[Result "*"]
[Annotator "NA RC"]
[ECO "B23"]
[WhiteElo "1901"]
[BlackElo "1654"]
[PlyCount "27"]
[EventDate "2025.03.19"]
[EventType "swiss"]
[EventCountry "SRB"]
[SourceTitle "playchess.com"]
[Source "ChessBase"]
[SourceQuality "1"]
[TimeControl "5400+30"]

1. e4 c5 2. Nc3 Nc6 3. Bb5 Nd4 4. Nf3 a6 5. Bd3 g6 6. Rb1 Bg7 7. b4 cxb4 8. Rxb4 Nxf3+ 9. Qxf3 e6 10. Bb2 d6 11. Qg3 Ne7 12. Ne2 e5 13. c4 O-O 14. O-O *

[Event "FIDE World School-ch O-13 2025"]
[Site "Vrnjacka Banja"]
[Date "2025.03.21"]
[Round "2.3"]
[White "Rusu, Lucas"]
[Black "Ilcic, Aleksa"]
[Result "1-0"]
[Annotator "TA"]
[ECO "B33"]
[WhiteElo "2049"]
[BlackElo "1822"]
[PlyCount "85"]
[EventDate "2025.03.19"]
[EventType "swiss"]
[EventCountry "SRB"]
[SourceTitle "playchess.com"]
[Source "ChessBase"]
[SourceQuality "1"]
[TimeControl "5400+30"]

1. e4 c5 2. Nf3 Nc6 3. d4 cxd4 4. Nxd4 Nf6 5. Nc3 e5 6. Ndb5 d6 7. Bg5 a6 8. Na3 b5 9. Nd5 Be7 10. Bxf6 Bxf6 11. c3 Bg5 12. h4 Bh6 13. Nc2 O-O 14. a4 {[%emt 0:03:18] Recently 14.g3 got a lot of attention. B33: Sicilian: Pelikan and Sveshnikov Variations.} bxa4 15. Nce3 Bxe3 16. Nxe3 {[%emt 0:00:29] The position is equal.} Be6 $146 (16... Qb6 17. Nc4 Qb7 18. Be2 Be6 19. O-O Ne7 20. Rxa4 d5 21. exd5 Bxd5 22. Qa1 Nf5 {½-½ Coplin,L (2410)-Martello,J (2422) ICCF izt 05 email 2008 [4]}) 17. Qxa4 Qb6 18. Qa3 (18. Bxa6 $2 Nb8 (18... Qxb2 19. O-O $11) 19. O-O Rxa6 $19 (19... Qxa6 $2 20. Qb4 $19)) 18... a5 (18... Rfb8 $11 {is superior.}) 19. Bc4 $14 Rab8 (19... Nd8 $14) 20. Bxe6 $16 (20. Qxd6 $6 Qxb2 21. O-O Bxc4 22. Nxc4 Qb5 $11) 20... fxe6 21. Qxd6 {[%emt 0:04:00] White plays in the center} Rf6 (21... Qxb2 $16 {keeps fighting.} 22. O-O (22. Qxe6+ Kh8 $14) 22... Nd8 (22... Qxc3 $2 {perishes.} 23. Rac1 $18) 23. Qxe5 (23. Rxa5 Qxc3 24. Qxe5 Qb4 $16) 23... Rc8) 22. O-O $18 Rd8 {[%emt 0:00:55] [#]} 23. Qa3 Rdf8 24. Rad1 Qb5 25. Rd2 Nd8 (25... h5 $142 26. Rfd1 Kh8) 26. Rfd1 Nb7 27. b4 Qc6 (27... h5 $142 28. bxa5 Qxa5 29. Qxa5 Nxa5) 28. bxa5 Nc5 29. Rd6 Qc7 30. f3 {[%emt 0:03:13] And now Ng4 would win.} Qa7 31. c4 Rb8 32. Rd8+ Rf8 33. Rxf8+ Kxf8 34. Qc3 Rb3 (34... Ra8 $142 35. Qxe5 Qxa5) 35. Qxe5 Nd7 $2 (35... Qe7 36. Nc2 Nd3) 36. Qd6+ (36. Qxe6 Qxe3+ 37. Kh1 Rd3 38. Qf5+ Ke8 39. Rxd3 Qxd3 $16) 36... Ke8 37. Qxe6+ Kd8 38. Qg8+ Ke7 39. Qxg7+ Ke6 40. Qg8+ (40. c5 $142 Qxc5 41. Qxd7+ Kf6 42. e5+ (42. Rd6+ Qxd6 43. Ng4+ Kg6 44. Qxd6+ Kf7 45. Ne5+ Kg8 46. Qd8+ Kg7 47. Qe7+ Kg8 48. Qf7+ Kh8 49. Qf8#) 42... Qxe5 43. Ng4+ Kg6 44. Nxe5+ Kf6 45. Qf7+ Kxe5 46. Rd5#) 40... Ke7 41. Qxh7+ Ke6 42. Qf5+ (42. c5 $142 Qxc5 43. Qxd7+ (43. Qg8+ Kf6 $18) 43... Kf6 44. e5+ (44. Rd6+ Qxd6 45. Qxd6+ Kf7 46. Qd5+ Kf8 47. Qxb3 Ke7 48. Nf5+ Kf6 49. Qb7 Kg6 50. Qg7+ Kh5 51. Qh7#) 44... Qxe5 45. Ng4+ Kg6 46. Nxe5+ Kf6 47. Qf7+ Kxe5 48. Rd5#) 42... Ke7 {[%emt 0:00:08] [#]} 43. c5 $1 {[%emt 0:00:10] White took control after the opening.   Weighted Error Value: White=0.59/Black=1.03  Mistake:       	---       	Black=7      Inaccurate:     	White=2     	Black=2      OK:         	White=11    	Black=5      Best:        	White=4     	Black=1} 1-0

[Event "FIDE World School-ch O-13 2025"]
[Site "Vrnjacka Banja"]
[Date "2025.03.21"]
[Round "2.3"]
[White "Abylaykyzy, Bibisara"]
[Black "Omirserik, Alima"]
[Result "*"]
[Annotator "NA RC"]
[ECO "B33"]
[WhiteElo "1651"]
[BlackElo "1814"]
[PlyCount "33"]
[EventDate "2025.03.19"]
[EventType "swiss"]
[EventCountry "SRB"]
[SourceTitle "playchess.com"]
[Source "ChessBase"]
[SourceQuality "1"]
[TimeControl "5400+30"]

1. e4 c5 2. Nf3 Nc6 3. d4 cxd4 4. Nxd4 Nf6 5. Nc3 e5 6. Ndb5 d6 7. Bg5 a6 8. Na3 b5 9. Nd5 Be7 10. Bxf6 Bxf6 11. c3 Bg5 12. h4 Bh6 13. Nc2 O-O 14. a4 bxa4 15. Nce3 Bxe3 16. Nxe3 Be6 17. Qxa4 *

[Event "FIDE World School-ch O-13 2025"]
[Site "Vrnjacka Banja"]
[Date "2025.03.21"]
[Round "2.4"]
[White "Haresh, Venkata Narayanaswam"]
[Black "Sakotic, Nikola"]
[Result "1/2-1/2"]
[Annotator "TA"]
[ECO "B90"]
[WhiteElo "1824"]
[BlackElo "2039"]
[PlyCount "54"]
[EventDate "2025.03.19"]
[EventType "swiss"]
[EventCountry "SRB"]
[SourceTitle "playchess.com"]
[Source "ChessBase"]
[SourceQuality "1"]
[TimeControl "5400+30"]

1. e4 c5 2. Nf3 d6 3. d4 cxd4 4. Nxd4 Nf6 5. Nc3 a6 6. h3 e5 7. Nf3 {[%emt 0:00:03] 7.Nb3 gains popularity. B90: Sicilian Najdorf: Unusual White 6th moves, 6 Be3 Ng4 and 6 Be3 e5.} Qc7 8. a4 Be7 9. Be2 {[%emt 0:00:54] The position is equal.} h6 10. Nh2 O-O $146 (10... Be6 11. Ng4 Nbd7 12. O-O O-O 13. Ne3 Rfe8 14. Bf3 Rac8 15. Ne2 b5 16. axb5 axb5 {½-½ Ergazakis,I (2150)-Petrovskiy,V (2433) EU-ch 24th Petrovac 2024 (11)}) 11. Ng4 Be6 12. Nxf6+ Bxf6 13. Nd5 Bxd5 14. exd5 Nd7 15. O-O Rac8 16. c4 $1 e4 17. Qc2 Rfe8 18. Be3 Nb6 19. Qb3 Nd7 (19... Nxc4 $2 {perishes.} 20. Rac1 $18) 20. Rab1 Nc5 21. Qa3 a5 22. b4 axb4 23. Qxb4 b6 24. Qxb6 Nxa4 25. Qxc7 Rxc7 26. Rb4 Nc3 27. Bg4 Na2 {[%emt 0:01:29] Weighted Error Value: White=0.11 (very precise) /Black=0.06 (flawless)   Mistake:       	---       	Black=1      Inaccurate:     	White=4     	Black=1      OK:         	White=6     	Black=9      Strong:       	White=1     	---} ({Black should try} 27... Be5 $15) 1/2-1/2

[Event "FIDE World School-ch O-13 2025"]
[Site "Vrnjacka Banja"]
[Date "2025.03.21"]
[Round "2.4"]
[White "Begmuratova, Sarvinoz"]
[Black "Akuratiya, A G Hansadie Aradhya"]
[Result "*"]
[Annotator "NA RC"]
[ECO "B90"]
[WhiteElo "1808"]
[BlackElo "1629"]
[PlyCount "41"]
[EventDate "2025.03.19"]
[EventType "swiss"]
[EventCountry "SRB"]
[SourceTitle "playchess.com"]
[Source "ChessBase"]
[SourceQuality "1"]
[TimeControl "5400+30"]

1. e4 c5 2. Nf3 d6 3. d4 cxd4 4. Nxd4 Nf6 5. Nc3 a6 6. h3 e5 7. Nf3 Qc7 8. a4 Be7 9. Be2 h6 10. Nh2 O-O 11. Ng4 Be6 12. Nxf6+ Bxf6 13. Nd5 Bxd5 14. exd5 Nd7 15. O-O Rac8 16. c4 e4 17. Qc2 Rfe8 18. Be3 Nb6 19. Qb3 Nd7 20. Rab1 Nc5 21. Qa3 *

[Event "FIDE World School-ch O-13 2025"]
[Site "Vrnjacka Banja"]
[Date "2025.03.21"]
[Round "2.5"]
[White "Petroff, Vlad"]
[Black "Samarth Sreeni Warrier"]
[Result "1-0"]
[Annotator "TA"]
[ECO "A84"]
[WhiteElo "2030"]
[BlackElo "1913"]
[PlyCount "99"]
[EventDate "2025.03.19"]
[EventType "swiss"]
[EventCountry "SRB"]
[SourceTitle "playchess.com"]
[Source "ChessBase"]
[SourceQuality "1"]
[TimeControl "5400+30"]

1. d4 d5 2. Nf3 e6 3. c4 f5 4. Nc3 c6 5. Bf4 Bd6 6. Ne5 Nf6 7. e3 O-O 8. Be2 Ne4 9. Nxe4 fxe4 {[%emt 0:06:34] A84: Dutch Defence: 2 c4 Miscellaneous.} 10. O-O Qe7 {[%emt 0:06:54] [#]} (10... b6 $142) 11. c5 $1 $16 Bc7 {[%emt 0:02:08] White is better.} 12. Qc2 {[%emt 0:01:27] White is more active.} g5 $146 (12... b6 13. b4 Qe8 14. cxb6 axb6 15. a4 Bb7 16. b5 Bd6 17. Bg3 Bxe5 18. Bxe5 Qe7 19. Bxb8 Raxb8 20. bxc6 {1-0 Kulczycki,M (2104)-Voudouris,N (1834) LSS No Engine Cup 216 Preliminary 0 2021}) 13. Bg3 Qe8 (13... Nd7 $142) 14. f3 $18 exf3 15. Bxf3 (15. Rxf3 Rxf3 16. Nxf3 (16. gxf3 Nd7 $16) 16... Bxg3 $18) 15... Nd7 16. Nxd7 Qxd7 {[%emt 0:00:28] [#]} 17. Bh5 $1 Rf5 18. Bxc7 Qxc7 19. g4 Rxf1+ 20. Rxf1 Qg7 21. Rf7 Qh6 22. Qf2 e5 23. Re7 (23. dxe5 $142 {Threatens to win with Rf6.} d4 24. exd4) 23... Be6 24. Bf7+ (24. dxe5 Rf8 25. Qe2 Bf7 $14) 24... Bxf7 25. Qxf7+ {[%emt 0:00:03][%mdl 4096] Endgame KQR-KQR} Kh8 26. Re8+ Rxe8 27. Qxe8+ {[%emt 0:00:03] KQ-KQ} Kg7 28. Qxe5+ ({Not} 28. dxe5 Qg6 29. Qd7+ Kh6 $18) 28... Qf6 29. Qxf6+ Kxf6 {[%emt 0:00:09] KP-KP. White is a pawn up.} 30. Kf2 Ke6 31. Ke2 Kf6 32. Kd3 Ke6 33. e4 dxe4+ 34. Kxe4 h6 35. h3 b6 36. cxb6 {[%emt 0:00:30] White mates.} axb6 37. a4 Kd6 38. b4 Kc7 39. Ke5 Kb7 40. Kd6 b5 41. a5 Ka6 42. Kxc6 h5 43. d5 hxg4 44. hxg4 Ka7 45. Kc7 Ka6 46. d6 Ka7 47. d7 Ka6 48. d8=Q Ka7 49. Qb8+ Ka6 50. Qa8# {[%emt 0:00:30] Black did not feel at home in the position after the opening.   Weighted Error Value: White=0.20 (precise) /Black=0.68  Mistake:       	---       	Black=2      Inaccurate:     	---       	Black=2      OK:         	White=5     	---        Best:        	White=2     	Black=2      Strong:       	White=2     	---} 1-0

[Event "FIDE World School-ch O-13 2025"]
[Site "Vrnjacka Banja"]
[Date "2025.03.21"]
[Round "2.5"]
[White "Tadic, Sofija"]
[Black "Leca Andrei, Anastasia"]
[Result "*"]
[Annotator "NA RC"]
[ECO "A84"]
[WhiteElo "1600"]
[BlackElo "1805"]
[PlyCount "27"]
[EventDate "2025.03.19"]
[EventType "swiss"]
[EventCountry "SRB"]
[SourceTitle "playchess.com"]
[Source "ChessBase"]
[SourceQuality "1"]
[TimeControl "5400+30"]

1. d4 d5 2. Nf3 e6 3. c4 f5 4. Nc3 c6 5. Bf4 Bd6 6. Ne5 Nf6 7. e3 O-O 8. Be2 Ne4 9. Nxe4 fxe4 10. O-O Qe7 11. c5 Bc7 12. Qc2 g5 13. Bg3 Qe8 14. f3 *

[Event "FIDE World School-ch O-13 2025"]
[Site "Vrnjacka Banja"]
[Date "2025.03.21"]
[Round "2.6"]
[White "Nanayakkara, Sanuk"]
[Black "Obidov, Biloliddin"]
[Result "0-1"]
[Annotator "TA"]
[ECO "A07"]
[WhiteElo "1813"]
[BlackElo "2020"]
[PlyCount "70"]
[EventDate "2025.03.19"]
[EventType "swiss"]
[EventCountry "SRB"]
[SourceTitle "playchess.com"]
[Source "ChessBase"]
[SourceQuality "1"]
[TimeControl "5400+30"]

1. Nf3 d5 2. g3 Nf6 3. Bg2 e6 4. O-O Be7 5. d3 O-O 6. Nbd2 Nc6 7. e4 dxe4 8. dxe4 e5 9. c3 Be6 {[%emt 0:03:16] The position is symmetric and equal A07: Réti Opening: New York and Capablanca Systems.} 10. Qe2 a5 11. Qb5 $146 ({Predecessor:} 11. Rd1 Qc8 12. Nc4 Bg4 13. Ne3 Bc5 14. Nd5 Ne8 15. Be3 Bd6 16. Qc4 Kh8 17. Rd2 {0-1 Mamedyarov,S (2770)-Nakamura,H (2736) NIC Classic KO rapid 2021 (2.33)}) 11... Qd6 {[%emt 1:24:57] The position is equal.} 12. Re1 (12. a4 $11) 12... Rfd8 13. Ng5 Bd7 14. Qb3 Be8 15. Nc4 a4 16. Qc2 Qc5 17. Bf1 {[%emt 0:03:26] And now Be3 would win.} b5 18. Be3 Nd4 $1 19. cxd4 exd4 20. e5 dxe3 21. Rxe3 (21. exf6 exf2+ 22. Qxf2 Qxf2+ 23. Kxf2 Bxf6 $19) 21... Bf8 22. h4 h6 $1 23. Nxf7 $2 {[%emt 0:01:07][%mdl 8192] [#] Loses the game.} (23. exf6 $11 {and White has nothing to worry.} hxg5 24. Re5) 23... Bxf7 $19 24. exf6 bxc4 (24... Bxc4 25. fxg7 Bxg7 26. Rae1 $19) 25. fxg7 (25. Rc1 $142) 25... Bxg7 26. Rae1 Rd7 27. Bh3 Rd6 28. Re7 (28. Be6 {might work better.} Bxe6 29. Rxe6) 28... Rad8 29. Qxa4 (29. Be6 $142 Rxe6 30. R7xe6) 29... Rd2 ({Much less strong is} 29... Bxb2 30. Be6 Bxe6 31. R1xe6 Rd1+ 32. Re1 Rxe1+ 33. Rxe1 $19) 30. R1e3 (30. R1e2 $142) 30... Bd4 31. R3e4 Bxf2+ {[%emt 0:00:53] Black mates.} 32. Kh1 Rd1+ 33. Kg2 Rg1+ 34. Kf3 Rd3+ 35. Re3 Rxe3+ {[%emt 0:00:12] Weighted Error Value: White=0.87/Black=0.15 (very precise)   Loses game:     	White=1     	---        Mistake:       	White=5     	---        Inaccurate:     	White=2     	Black=3      OK:         	White=9     	Black=9      Best:        	---       	Black=3      Strong:       	---       	Black=2} 0-1

[Event "FIDE World School-ch O-13 2025"]
[Site "Vrnjacka Banja"]
[Date "2025.03.21"]
[Round "2.6"]
[White "Enkhzaya, Zagas-Erdene"]
[Black "Obradovic, Nera"]
[Result "*"]
[Annotator "NA RC"]
[ECO "A07"]
[WhiteElo "1801"]
[BlackElo "1598"]
[PlyCount "24"]
[EventDate "2025.03.19"]
[EventType "swiss"]
[EventCountry "SRB"]
[SourceTitle "playchess.com"]
[Source "ChessBase"]
[SourceQuality "1"]
[TimeControl "5400+30"]

1. Nf3 d5 2. g3 Nf6 3. Bg2 e6 4. O-O Be7 5. d3 O-O 6. Nbd2 Nc6 7. e4 dxe4 8. dxe4 e5 9. c3 Be6 10. Qe2 a5 11. Qb5 Qd6 12. Re1 Rfd8 *

[Event "FIDE World School-ch O-13 2025"]
[Site "Vrnjacka Banja"]
[Date "2025.03.21"]
[Round "2.7"]
[White "Kudrin, Ivan"]
[Black "De Pablos Vicente, Angel"]
[Result "1-0"]
[Annotator "TA"]
[ECO "A16"]
[WhiteElo "1977"]
[BlackElo "1802"]
[PlyCount "73"]
[EventDate "2025.03.19"]
[EventType "swiss"]
[EventCountry "SRB"]
[SourceTitle "playchess.com"]
[Source "ChessBase"]
[SourceQuality "1"]
[TimeControl "5400+30"]

1. c4 Nf6 2. Nc3 d5 3. cxd5 Nxd5 4. e4 Nb4 5. d3 e5 6. a3 {[%emt 0:05:39] A16: English Opening: 1...Nf6 with ...d5.} N4c6 7. Nf3 Bg4 8. Be2 $146 {[%emt 0:05:25] The position is equal.} (8. Be3 Nd4 9. Qa4+ Bd7 10. Qd1 Nxf3+ 11. gxf3 Nc6 12. Ne2 Be6 13. f4 f6 14. f5 {1-0 Piccoli,L (2084)-Moyses Sobrinho,E (1930) Santa Catarina State-ch 63rd 2019 (5)}) 8... Bxf3 9. Bxf3 Nd4 {[%emt 0:04:59] Repels Qb3} 10. O-O Bc5 11. Kh1 Nbc6 12. Be3 h5 13. Rc1 g6 14. Nd5 Bf8 {[%emt 0:12:21] White leaves nothing to chance now.} (14... Bd6 $11) 15. Bxd4 $18 exd4 {[%emt 0:00:01] [#]} 16. e5 $1 Bg7 {[%emt 0:03:09] [#] Repels Nf6+} 17. e6 $1 {[%emt 0:01:13][%mdl 512] White plays in the center} fxe6 18. Nf4 Qf6 19. Bxc6+ bxc6 {[%emt 0:00:09] [#]} 20. Nxe6 {[%emt 0:00:58][%mdl 512] White is more active.} Qxe6 21. Re1 {[%emt 0:01:25] White has strong rooks and is better} Be5 22. Rc5 O-O 23. Rcxe5 Qf7 24. f3 $36 {[%emt 0:07:30][%mdl 2048] Black is under strong pressure.} Rfe8 {[%emt 0:00:00] Inhibits Re7.} 25. Qe2 Kf8 (25... Rxe5 $16 26. Qxe5 Rd8) 26. Qe4 c5 27. Qc6 Rad8 28. Qxc5+ Kg8 29. h3 Rxe5 30. Rxe5 {[%emt 0:00:10][%mdl 4096] Endgame KQR-KQR. White is a pawn up.} Qf4 (30... Re8 {was called for.} 31. Rxe8+ (31. Qxd4 Rxe5 32. Qxe5 Qd7 $18) 31... Qxe8 32. Qxd4 (32. Qc4+ Kf8 $18) 32... Qe1+ 33. Kh2 Qe7 34. Qd5+ (34. Qxa7 Qe5+ 35. Kh1 c5 $18) 34... Kh7) 31. Qxc7 Rf8 32. Qc4+ Kh8 33. Re4 Qg3 (33... Qf6 $142 34. Qxd4 (34. Rxd4 Rf7 $18) 34... Qxd4 35. Rxd4 Rf7) 34. Qxd4+ Kh7 35. Re7+ Kh6 36. Qg7+ Kg5 37. Qxf8 {[%emt 0:00:26] Weighted Error Value: White=0.05 (flawless) /Black=0.50  Loses game:     	---       	Black=1      Mistake:       	---       	Black=3      Inaccurate:     	White=2     	Black=3      OK:         	White=16    	Black=14     Best:        	White=1     	Black=2} 1-0

[Event "FIDE World School-ch O-13 2025"]
[Site "Vrnjacka Banja"]
[Date "2025.03.21"]
[Round "2.7"]
[White "Tereshchenko, Eliza"]
[Black "Wangluo, Joanne"]
[Result "*"]
[Annotator "NA RC"]
[ECO "A16"]
[WhiteElo "1751"]
[BlackElo "1516"]
[PlyCount "23"]
[EventDate "2025.03.19"]
[EventType "swiss"]
[EventCountry "SRB"]
[SourceTitle "playchess.com"]
[Source "ChessBase"]
[SourceQuality "1"]
[TimeControl "5400+30"]

1. c4 Nf6 2. Nc3 d5 3. cxd5 Nxd5 4. e4 Nb4 5. d3 e5 6. a3 N4c6 7. Nf3 Bg4 8. Be2 Bxf3 9. Bxf3 Nd4 10. O-O Bc5 11. Kh1 Nbc6 12. Be3 *